Workbook

Sheet Macro1

Sheet 合并资产负债表
A1: 合并资产负债表
A2: 会企01表
A3: 编制单位：母公司 2014年12月31日 单位：元
A4: 资产 | B4: 行 | C4: 期末数 | D4: 年初数 | E4: 负债及所有者权益 | F4: 行 | G4: 期末数 | H4: 年初数
A5: 流动资产： | E5: 流动负债：
A6: 货币资金 | B6: 01 | C6: =本期合并底稿!J5 -> 7.1294357e+08 | D6: 7.4748335e+08 | E6: 短期借款 | F6: 71 | G6: =本期合并底稿!J39 -> 0 | H6: 0
A7: 以公允价值计量且其变动计入当期损益的金融资产 | B7: 02 | C7: =本期合并底稿!J6 -> 6.806742e+08 | D7: 3.9883942e+08 | E7: 以公允价值计量且其变动计入当期损益的金融负债 | F7: 72 | G7: =本期合并底稿!J40 -> 0 | H7: 0
A8: 应收票据 | B8: 03 | C8: =本期合并底稿!J7 -> 1586604 | D8: 2235558.6 | E8: 应付票据 | F8: 73 | G8: =本期合并底稿!J41 -> 0 | H8: 6399042.1
A9: 应收账款 | B9: 04 | C9: =本期合并底稿!J8 -> 1.0257919e+08 | D9: 3.2483067e+08 | E9: 应付账款 | F9: 74 | G9: =本期合并底稿!J42 -> 4.0780205e+08 | H9: 8.0423369e+08
A10: 预付款项 | B10: 06 | C10: =本期合并底稿!J9 -> 1.9982597e+08 | D10: 6.9609609e+08 | E10: 预收账款 | F10: 76 | G10: =本期合并底稿!J43 -> 9.0452348e+08 | H10: 1.4408699e+09
A11: 应收利息 | B11: 07 | C11: =本期合并底稿!J10 -> 582694.44 | D11: 694756.94 | E11: 应付职工薪酬 | F11: 78 | G11: =本期合并底稿!J44 -> 9102706.6 | H11: 16486232
A12: 应收股利 | B12: 09 | C12: =本期合并底稿!J11 -> 616500 | D12: 0 | E12: 应交税费 | F12: 79 | G12: =本期合并底稿!J48 -> 104508.72 | H12: -1717942.4
A13: 其他应收款 | B13: 10 | C13: =本期合并底稿!J12 -> 58743600 | D13: 65400097 | E13: 应付利息 | F13: 80 | G13: =本期合并底稿!J49 -> 0 | H13: 0
A14: 其中：应收出口退税 | B14: 11 | C14: =本期合并底稿!J13 -> 25295426 | D14: 31451593 | E14: 应付股利 | F14: 81 | G14: =本期合并底稿!J50 -> 0 | H14: 54000
A15: 存货 | B15: 14 | C15: =本期合并底稿!J14 -> 1.1268546e+08 | D15: 3.2035884e+08 | E15: 其他应付款 | F15: 85 | G15: =本期合并底稿!J51 -> 3.4226119e+08 | H15: 1.4642154e+08
A16: 持有待售资产 | C16: =本期合并底稿!J16 -> 0 | E16: 持有待售负债 | G16: =本期合并底稿!J52 -> 0
A17: 一年内到期的非流动资产 | B17: 21 | C17: =本期合并底稿!J17 -> 0 | D17: 0 | E17: 一年内到期的非流动资产 | F17: 89 | G17: =本期合并底稿!J53 -> 0 | H17: 0
A18: 其他流动资产 | B18: 28 | C18: =本期合并底稿!J18 -> 0 | D18: 827545.15 | E18: 其他流动负债 | F18: 95 | G18: =本期合并底稿!J54 -> 0 | H18: 0
A19: 流动资产合计 | B19: 35 | C19: =SUM(C6:C9,C10:C11,C12:C13,C15:C18) -> 1.8702378e+09 | D19: =SUM(D6:D9,D10:D11,D12:D13,D15:D18) -> 2.5567663e+09 | E19: 流动负债合计 | F19: 100 | G19: =SUM(G6:G9,G10,G11:G15,G17:G18) -> 1.6637939e+09 | H19: =SUM(H6:H9,H10,H11:H15,H17:H18) -> 2.4127465e+09
A20: 非流动资产： | E20: 非流动负债： | F20: 101
A21: 可供出售金融资产 | B21: 36 | C21: =本期合并底稿!J21 -> 26457627 | E21: 长期借款 | F21: 102 | G21: =本期合并底稿!J57 -> 0 | H21: 0
A22: 持有至到期投资 | B22: 37 | C22: =本期合并底稿!J22 -> 0 | E22: 应付债券 | F22: 103 | G22: =本期合并底稿!J58 -> 0 | H22: 0
A23: 长期应收款 | B23: 38 | C23: =本期合并底稿!J23 -> 0 | E23: 长期应付款 | F23: 104 | G23: =本期合并底稿!J59 -> 3643040.9 | H23: 3695208.9
A24: 长期股权投资 | B24: 39 | C24: =本期合并底稿!J24 -> 0 | E24: 专项应付款 | F24: 106 | G24: =本期合并底稿!J60 -> 0 | H24: 0
A25: 固定资产原值 | B25: 40 | C25: =本期合并底稿!J25 -> 41946831 | D25: 1.2661794e+08 | E25: 递延所得税负债 | F25: 111 | G25: =本期合并底稿!J61 -> 520607.34 | H25: 288900.04
A26: 减：累计折旧 | B26: 41 | C26: =本期合并底稿!J26 -> 19028411 | D26: 51161606 | E26: 其他非流动负债 | F26: 116 | G26: =本期合并底稿!J62 -> 0 | H26: 850000
A27: 固定资产净值 | B27: 42 | C27: =C25-C26 -> 22918420 | D27: =D25-D26 -> 75456330 | E27: 长期负债合计 | F27: 117 | G27: =SUM(G21:G23,G24:G26) -> 4163648.2 | H27: =SUM(H21:H23,H24:H26) -> 4834108.9
A28: 在建工程 | B28: 43 | C28: =本期合并底稿!J28 -> 0 | D28: 0 | E28: 负债合计 | F28: 125 | G28: =SUM(G19,G27) -> 1.6679576e+09 | H28: =SUM(H19,H27) -> 2.4175806e+09
A29: 工程物资 | B29: 44 | E29: 所有者权益： | F29: 127
A30: 固定资产清理 | B30: 45 | E30: 实收资本 | F30: 128 | G30: =本期合并底稿!J66 -> 80000000 | H30: 80000000
A31: 无形资产 | B31: 46 | C31: =本期合并底稿!J31 -> 68687.68 | D31: 1081535.8 | E31: 资本公积 | F31: 129 | G31: =本期合并底稿!J67 -> 24991291 | H31: 24991291
A32: 长期待摊费用 | B32: 47 | C32: =本期合并底稿!J32 -> 486467.37 | D32: 2807005 | E32: 其他综合收益 | F32: 130 | G32: =本期合并底稿!J68 -> -282243.18 | H32: -306643.26
A33: 递延所得税资产 | B33: 48 | C33: =本期合并底稿!J33 -> 10549366 | D33: 11996073 | E33: 盈余公积 | F33: 131 | G33: =本期合并底稿!J69 -> 40745328 | H33: 35024417
E34: 其中：法定盈余公积 | F34: 133 | G34: =本期合并底稿!J70 -> 33724331 | H34: 28008923
E35: 任意盈余公积 | F35: 134 | G35: =本期合并底稿!J71 -> 7020997.3 | H35: 7020997.3
E36: 未分配利润 | F36: 136 | G36: =本期合并底稿!J72 -> 1.0287049e+08 | H36: =合并权益变动表!G10 -> 76650144
E37: 归属于母公司股东权益合计 | F37: 145 | G37: =SUM(G30:G33,G36) -> 2.4832486e+08 | H37: =SUM(H30:H33,H36:H36) -> 2.1635921e+08
A38: 其他非流动资产 | B38: 58 | C38: =本期合并底稿!J34 -> 0 | D38: 0 | E38: 少数股东权益 | F38: 146 | G38: =本期合并底稿!J74 -> 14435896 | H38: 14167494
A39: 非流动资产合计 | B39: 59 | C39: =SUM(C21:C24,C27:C38) -> 60480569 | D39: =SUM(D21:D24,D27:D38) -> 91340944 | E39: 所有者权益合计 | F39: 149 | G39: =G37+G38 -> 2.6276076e+08 | H39: =H37+H38 -> 2.305267e+08
A40: 资产总计 | B40: 60 | C40: =SUM(C19,C39) -> 1.9307183e+09 | D40: =SUM(D19,D39) -> 2.6481073e+09 | E40: 负债及所有者权益总计 | F40: 150 | G40: =SUM(G28,G39) -> 1.9307183e+09 | H40: =SUM(H28,H39) -> 2.6481073e+09
A41: 单位负责人： 财务负责人： 复核： 制表：
C42: =IF(ROUND(D40-H40,2)=0," ","期初资产负债不平")
C43: =IF(ROUND(C40-G40,2)=0," ","期末资产负债不平") | E43: =C40-G40 -> 0

Sheet 合并利润表
A1: 合并利润表
D2: 会企02表
A3: 编制单位：母公司 2014年12月 单位：元
A4: 项目 | B4: 行 | C4: 本年金额 | D4: 上年金额
A5: 一、营业总收入 | B5: 01 | C5: =本期合并底稿!J80 -> 6.6997798e+08
A6: 其中：主营业务收入 | B6: 02 | C6: =本期合并底稿!J81 -> 6.6354255e+08
A7: 其他业务收入 | B7: 03 | C7: =本期合并底稿!J82 -> 6435431.7
A8: 二、营业总成本 | B8: 05 | C8: =C9+C12+C13+C14+C15+C19 -> 6.5669204e+08 | D8: =D9+D12+D13+D14+D15+D19 -> 0
A9: 其中：营业成本 | B9: 06 | C9: =本期合并底稿!J84 -> 6.032703e+08
A10: 其中：主营业务成本 | B10: 07 | C10: =本期合并底稿!J85 -> 6.032703e+08
A11: 其他业务成本 | B11: 08 | C11: =本期合并底稿!J86 -> 0
A12: 营业税金及附加 | B12: 09 | C12: =本期合并底稿!J87 -> 3606815.4
A13: 销售费用 | B13: 10 | C13: =本期合并底稿!J88 -> 24031603
A14: 管理费用 | B14: 11 | C14: =本期合并底稿!J89 -> 34774340
A15: 财务费用 | B15: 12 | C15: =本期合并底稿!J90 -> -11134873
A16: 其中：利息支出 | B16: 13 | C16: =本期合并底稿!J91 -> -35000
A17: 利息收入 | B17: 14 | C17: =本期合并底稿!J92 -> 8777114.9
A18: 汇兑净损失 | B18: 15 | C18: =本期合并底稿!J93 -> -4356914.7
A19: 资产减值损失 | B19: 16 | C19: =本期合并底稿!J94 -> 2143848.8
A20: 加：公允价值变动净收益（净损失以“-”号填列） | B20: 17 | C20: =本期合并底稿!J95 -> 1038891.7
... A22: 其中：对联营企业和合营企业的投资收益 | B22: 19 | C22: =本期合并底稿!J97 -> 0
A23: 三、营业利润 | B23: 21 | C23: =C5-C8+C20+C21 -> 69424094 | D23: =D5-D8+D20+D21 -> 0
A24: 加：营业外收入 | B24: 22 | C24: =本期合并底稿!J99 -> 991043.37
A25: 其中：非流动资产处置收益 | B25: 23 | C25: =本期合并底稿!J100 -> 18753.72
A26: 非货币性资产交换利得（非货币性交易收益） | B26: 24 | C26: =本期合并底稿!J101 -> 0
A27: 政府补助（补贴收入） | B27: 25 | C27: =本期合并底稿!J102 -> 14477.23
A28: 其他 | B28: 26 | C28: =本期合并底稿!J103 -> 0
A29: 减：营业外支出 | B29: 28 | C29: =本期合并底稿!J104 -> 338611.02
A30: 其中：非流动资产处置损失 | B30: 29 | C30: =本期合并底稿!J105 -> 33624
A31: 罚款支出 | B31: 30 | C31: =本期合并底稿!J106 -> 281329
A32: 其他 | B32: 31 | C32: =本期合并底稿!J107 -> 2000
A33: 四、利润总额 | B33: 41 | C33: =C23+C24-C29 -> 70076526 | D33: =D23+D24-D29 -> 0
A34: 减：所得税费用 | B34: 42 | C34: =本期合并底稿!J109 -> 8489769.5
A35: 五、净利润 | B35: 45 | C35: =C33-C34 -> 61586757 | D35: =D33-D34 -> 0
A36: 减：少数股东损益 | B36: 46 | C36: =本期合并底稿!J111 -> 3612402.5
A37: 归属于母公司所有者的净利润 | B37: 47 | C37: =C35-C36 -> 57974354 | D37: =D35-D36 -> 0
A38: 六、其他综合收益的税后净额 | B38: 51 | C38: =C39+C49 -> 24400.08 | D38: =D39+D49 -> 0
A39: 归属于母公司所有者的其他综合收益的税后净额 | B39: 52 | C39: =C40+C43 -> 24400.08 | D39: =D40+D43 -> 0
A40: （一）以后不能重分类进损益的其他综合收益 | B40: 53 | C40: =SUM(C41:C42) -> 0 | D40: =SUM(D41:D42) -> 0
A41: 1.重新计量设定收益计划净负债或净资产的变动 | B41: 54
A42: 2.权益法下在被投资单位不能重分类进损益的其他综合收益中享有的份额 | B42: 55
A43: （二）以后将重分类进损益的其他综合收益 | B43: 56 | C43: =SUM(C44:C48) -> 24400.08 | D43: =SUM(D44:D48) -> 0
A44: 1.权益法下在被投资单位以后将重分类进损益的其他综合收益 | B44: 57
A45: 2.可供出售金融资产公允价值变动损益 | B45: 58
A46: 3.持有至到期投资重分类为可供出售金融资产损益 | B46: 59
A47: 4.现金流量套期损益的有效部分 | B47: 60
A48: 5.外币财务报表折算差额 | B48: 61 | C48: =本期合并底稿!J119 -> 24400.08
A49: 归属于少数股东的其他综合收益的税后净额 | B49: 62
A50: 七、综合收益总额 | B50: 71 | C50: =C35+C38 -> 61611157 | D50: =D35+D38 -> 0
A51: 归属于母公司所有者的综合收益总额 | B51: 72 | C51: =C37+C39 -> 57998754 | D51: =D37+D39 -> 0
A52: 归属于少数股东的综合收益总额 | B52: 73 | C52: =C36+C49 -> 3612402.5 | D52: =D36+D49 -> 0
A53: 八、每股净收益 | B53: 74
A54: （一）基本每股收益 | B54: 75 | C54: =C35/合并资产负债表!G30 -> 0.77 | D54: =D35/合并资产负债表!G30 -> 0
A55: （二）稀释每股收益 | B55: 76 | C55: =C35/合并资产负债表!G30 -> 0.77 | D55: =D35/合并资产负债表!G30 -> 0
A56: 单位负责人： 财务负责人： 复核： 制表：

Sheet 合并现金流量表
A1: 合并现金流量表
A2: 会企03表
A3: 编制单位：母公司 2014年12月 单位：元
A4: 项目 | B4: 行 | C4: 本年金额 | D4: 上年金额 | E4: 2010年9月金额
A5: 一、经营活动产生的现金流量
A6: 销售商品、提供劳务收到的现金 | B6: 01 | C6: =本期合并底稿!J151 -> 2.8693749e+09 | E6: 2.6156772e+09
A7: 收到的税费返还 | B7: 03 | C7: =本期合并底稿!J152 -> 24209192 | E7: 26574048
A8: 收到的其他与经营活动有关的现金 | B8: 08 | C8: =本期合并底稿!J153 -> 3.8713222e+08 | E8: 2.6433383e+08
A9: 经营活动现金流入小计 | B9: 09 | C9: =SUM(C6:C8) -> 3.2807163e+09 | D9: =SUM(D6:D8) -> 0 | E9: =SUM(E6:E8) -> 2.9065851e+09
A10: 购买商品、接受劳务支付的现金 | B10: 10 | C10: =本期合并底稿!J155 -> 2.8747211e+09 | E10: 2.6002772e+09
A11: 支付给职工以及为职工支付的现金 | B11: 12 | C11: =本期合并底稿!J156 -> 29092082 | E11: 37933648
A12: 支付的各项税费 | B12: 13 | C12: =本期合并底稿!J157 -> 18381598 | E12: 42467303
A13: 支付的其他与经营活动有关的现金 | B13: 18 | C13: =本期合并底稿!J158 -> 54358373 | E13: 1.0485309e+08
A14: 经营活动现金流出小计 | B14: 20 | C14: =SUM(C10:C13) -> 2.9765531e+09 | D14: =SUM(D10:D13) -> 0 | E14: =SUM(E10:E13) -> 2.7855312e+09
A15: 经营活动产生的现金流量净额 | B15: 21 | C15: =C9-C14 -> 3.0416317e+08 | D15: =D9-D14 -> 0 | E15: =E9-E14 -> 1.2105388e+08
A16: 二、投资活动产生的现金流量
A17: 收回投资所收到的现金 | B17: 22 | C17: =本期合并底稿!J162 -> 2.9302943e+08 | E17: 209496960
A18: 取得投资收益收到的现金 | B18: 23 | C18: =本期合并底稿!J163 -> 41169231 | E18: 27041280
A19: 处置固定资产、无形资产和其他长期资产收回的现金净额 | B19: 25 | C19: =本期合并底稿!J164 -> 41080 | E19: 162709.3
A20: 处置子公司及其他营业单位收到的现金净额 | B20: 26 | C20: =本期合并底稿!J165 -> 0 | E20: 1103597.2
A21: 收到的其他与投资活动有关的现金 | B21: 28 | C21: =本期合并底稿!J166 -> 360000 | E21: 1.7988556e+08
A22: 投资活动现金流入小计 | B22: 29 | C22: =SUM(C17:C21) -> 3.3459974e+08 | D22: =SUM(D17:D21) -> 0 | E22: =SUM(E17:E21) -> 4.1769011e+08
A23: 购建固定资产、无形资产和其他长期资产支付的现金 | B23: 30 | C23: =本期合并底稿!J168 -> 342137.33 | E23: 9380220
A24: 投资支付的现金 | B24: 31 | C24: =本期合并底稿!J169 -> 6.3583806e+08 | E24: 4.1249433e+08
A25: 取得子公司及其他营业单位支付的现金净额 | B25: 32 | C25: =本期合并底稿!J170 -> 0 | E25: 0
A26: 支付的其他与投资活动有关的现金 | B26: 35 | C26: =本期合并底稿!J171 -> 41548 | E26: 1.7959604e+08
A27: 投资活动现金流出小计 | B27: 36 | C27: =SUM(C23:C26) -> 6.3622175e+08 | D27: =SUM(D23:D26) -> 0 | E27: =SUM(E23:E26) -> 6.0147059e+08
A28: 投资活动产生的现金流量净额 | B28: 37 | C28: =C22-C27 -> -3.0162201e+08 | D28: =D22-D27 -> 0 | E28: =E22-E27 -> -1.8378048e+08
A29: 三、筹资活动产生的现金流量
A30: 吸收投资收到的现金 | B30: 38 | C30: =本期合并底稿!J175 -> 0 | E30: 720
A31: 其中：子公司吸收少数股东投资收到的现金 | B31: 39 | C31: =本期合并底稿!J176 -> 0 | E31: 0
A32: 取得借款收到的现金 | B32: 40 | C32: =本期合并底稿!J177 -> -6000000 | E32: 4500000
A33: 收到其他与筹资活动有关的现金 | B33: 43 | C33: =本期合并底稿!J178 -> 0 | E33: 0
A34: 筹资活动现金流入小计 | B34: 44 | C34: =SUM(C30,C32:C33) -> -6000000 | D34: =SUM(D30,D32:D33) -> 0 | E34: =SUM(E30,E32:E33) -> 4500720
A35: 偿还债务支付的现金 | B35: 45 | C35: =本期合并底稿!J180 -> -1000000 | E35: 10535046
A36: 分配股利、利润或偿付利息支付的现金 | B36: 46 | C36: =本期合并底稿!J181 -> 29396100 | E36: 47181312
A37: 其中：子公司支付给少数股东的股利、利润 | B37: 47 | C37: =本期合并底稿!J182 -> 0 | E37: 0
A38: 支付其他与筹资活动有关的现金 | B38: 52 | C38: =本期合并底稿!J183 -> 0 | E38: 0
A39: 筹资活动现金流出小计 | B39: 53 | C39: =SUM(C35:C36,C38) -> 28396100 | D39: =SUM(D35:D36,D38) -> 0 | E39: =SUM(E35:E36,E38) -> 57716358
A40: 筹资活动产生的现金流量净额 | B40: 54 | C40: =C34-C39 -> -34396100 | D40: =D34-D39 -> 0 | E40: =E34-E39 -> -53215638
A41: 四、汇率变动对现金的影响 | B41: 55 | C41: =本期合并底稿!J186 -> 315164.63 | E41: 442994.78
A42: 五、现金及现金等价物净增加额 | B42: 56 | C42: =SUM(C15,C28,C40,C41) -> -31539777 | D42: =SUM(D15,D28,D40,D41) -> 0 | E42: =SUM(E15,E28,E40,E41) -> -1.1549924e+08
A43: 加：期初现金及现金等价物余额 | B43: 57 | C43: =本期合并底稿!J188 -> 7.4748335e+08 | E43: 8.2558099e+08
A44: 六、期末现金及现金等价物余额 | B44: 58 | C44: =C42+C43 -> 7.1594357e+08 | D44: =D42+D43 -> 0 | E44: =E42+E43 -> 7.1008175e+08 | F44: =C44-合并资产负债表!C6 -> 3000000
A45: 单位负责人： 财务负责人： 复核： 制表：
A46: =IF(ABS(INT((C44-合并资产负债表!C6)*100+0.5))=0," ","本年现金净流量统计与货币资金有差额") -> 本年现金净流量统计与货币资金有差额 | C46: =C44-合并资产负债表!C6 -> 3000000
A48: 合并现金流量表补充资料
A49: 编制单位：东方科学仪器进出口集团有限公司 2013年 单位编码： 单位：元
A50: 项目 | B50: 行 | C50: 本年金额 | D50: 上年金额
A51: 1、将净利润调节为经营活动现金流量：
A52: 净利润 | B52: 61 | C52: =合并利润表!C35 -> 61586757 | D52: =合并利润表!D35 -> 0
A53: 加：资产减值准备 | B53: 62 | C53: =本期合并底稿!J194 -> 2143848.8
A54: 固定资产折旧 | B54: 63 | C54: =本期合并底稿!J195 -> 1890722.4
A55: 无形资产摊销 | B55: 64 | C55: =本期合并底稿!J196 -> 14173.4
A56: 长期待摊费用摊销 | B56: 65 | C56: =本期合并底稿!J197 -> 267198.33
A57: 处置固定资产、无形资产和其他长期资产的损失（收益以“－”号填列） | B57: 68 | C57: =本期合并底稿!J198 -> 0
A58: 固定资产报废损失（收益以“－”号填列） | B58: 69 | C58: =本期合并底稿!J199 -> 14870.28
A59: 公允价值变动损失（收益以“－”号填列） | B59: 70 | C59: =本期合并底稿!J200 -> -1038891.7
A60: 财务费用（收益以“－”号填列） | B60: 71 | C60: =本期合并底稿!J201 -> -575546.88
A61: 投资损失（收益以“－”号填列） | B61: 72 | C61: =本期合并底稿!J202 -> -55099257
A62: 递延所得税资产减少（增加以“－”号填列） | B62: 73 | C62: =本期合并底稿!J203 -> -972802.18
A63: 递延所得税负债增加（减少以“－”号填列） | B63: 74 | C63: =本期合并底稿!J204 -> 231707.3
A64: 存货的减少（增加以“－”号填列） | B64: 75 | C64: =本期合并底稿!J205 -> -56503094
... A67: 其他 | B67: 79 | C67: =本期合并底稿!J208 -> 78380.13
A68: 经营活动产生的现金流量净额 | B68: 80 | C68: =SUM(C52:C67) -> 3.0416317e+08 | D68: =SUM(D52:D67) -> 0
A69: 2、不涉及现金收支的投资和筹资活动：
A70: 债务转为资本 | B70: 81
A71: 一年内到期的可转换公司债券 | B71: 82
A72: 融资租入的固定资产 | B72: 83
A73: 3、现金及现金等价物增加情况：
A74: 现金的期末余额 | B74: 85 | C74: =本期合并底稿!J215 -> 7.1594357e+08
A75: 减：现金的期初余额 | B75: 86 | C75: =D74 -> 0
A76: 加：现金等价物的期末余额 | B76: 87
A77: 减：现金等价物的期初余额 | B77: 88
A78: 现金及现金等价物净增加额 | B78: 89 | C78: =C74-C75+C76-C77 -> 7.1594357e+08 | D78: =D74-D75+D76-D77 -> 0
A79: =IF(ABS(INT((C68-C15)*100+0.5))=0," ","本年经营活动净现金流量统计有误") | C79: =IF(ABS(INT((D68-D15)*100+0.5))=0," ","上年经营活动净现金流量统计有误")
A80: =IF(ABS(INT((C78-C42)*100+0.5))=0," ","本年现金净流量统计有误") -> 本年现金净流量统计有误 | C80: =IF(ABS(INT((D78-D42)*100+0.5))=0," ","上年现金净流量统计有误")
A81: 注：本表半年报

Sheet 合并权益变动表
A1: 合并所有者权益变动表
J2: 会企04表
A3: 编制单位：母公司 | F3: 2014年 | J3: 单位：元
A4: 项目 | B4: 行 | C4: 本年金额
C5: 归属于母公司所有者权益 | I5: 少数股东权益 | J5: 所有者权益合计
C6: 实收资本 | D6: 资本公积 | E6: 其他综合收益 | F6: 盈余公积 | G6: 未分配利润 | H6: 小计
A7: 一、上年末余额 | B7: 01 | C7: 80000000 | D7: 24991291 | E7: -306643.26 | F7: 35024417 | G7: 76650144 | H7: =SUM(C7:G7) -> 2.1635921e+08 | I7: 14167494 | J7: =SUM(H7:I7) -> 2.305267e+08
A8: 加：会计政策变更 | B8: 02 | H8: =SUM(C8:G8) -> 0 | J8: =SUM(H8:I8) -> 0
A9: 前期差错更正 | B9: 03 | H9: =SUM(C9:G9) -> 0 | J9: =SUM(H9:I9) -> 0
A10: 二、本年年初余额 | B10: 06 | C10: =C7+C8+C9 -> 80000000 | D10: =D7+D8+D9 -> 24991291 | E10: =E7+E8+E9 -> -306643.26 | F10: =F7+F8+F9 -> 35024417 | G10: =G7+G8+G9 -> 76650144 | H10: =SUM(C10:G10) -> 2.1635921e+08 | I10: =I7+I8+I9 -> 14167494 | J10: =SUM(H10:I10) -> 2.305267e+08
A11: 三、本年增减变动金额（减少以“-”号填列） | B11: 10 | C11: =C12+C13+C16+C20 -> 0 | D11: =D12+D13+D16+D20 -> 0 | E11: =E12+E13+E16+E20 -> 24400.08 | F11: =F12+F13+F16+F20 -> 5720911.7 | G11: =G12+G13+G16+G20 -> 26220343 | H11: =SUM(C11:G11) -> 31965654 | I11: =I12+I13+I16+I20 -> 268402.5 | J11: =SUM(H11:I11) -> 32234057
A12: （一）综合收益总额 | B12: 11 | E12: =本期合并底稿!J113 -> 24400.08 | G12: =合并利润表!C37 -> 57974354 | H12: =SUM(C12:G12) -> 57998754 | I12: =本期合并底稿!G134 -> 3612402.5 | J12: =SUM(H12:I12) -> 61611157
A13: （三）所有者投入和减少资本 | B13: 26 | C13: =SUM(C14:C15) -> 0 | D13: =SUM(D14:D15) -> 0 | E13: =SUM(E14:E15) -> 0 | F13: =SUM(F14:F15) -> 0 | G13: =SUM(G14:G15) -> 0 | H13: =SUM(C13:G13) -> 0 | I13: =SUM(I14:I15) -> 0 | J13: =SUM(H13:I13) -> 0
A14: 1. 所有者投入资本 | B14: 27 | I14: =本期合并底稿!G143 -> 0 | J14: =SUM(H14:I14) -> 0
A15: 2．其他 | B15: 29 | G15: =-本期合并底稿!G136 -> 0 | H15: =SUM(C15:G15) -> 0 | J15: =SUM(H15:I15) -> 0
A16: （四）利润分配 | B16: 31 | C16: =SUM(C17:C19) -> 0 | D16: =SUM(D17:D19) -> 0 | E16: =SUM(E17:E19) -> 0 | F16: =SUM(F17:F19) -> 5720911.7 | G16: =SUM(G17:G19) -> -31754012 | H16: =SUM(C16:G16) -> -26033100 | I16: =SUM(I17:I19) -> -3344000 | J16: =SUM(H16:I16) -> -29377100
A17: 1．提取盈余公积 | B17: 32 | F17: =本期合并底稿!J126+本期合并底稿!J128 -> 5720911.7 | G17: =-F17 -> -5720911.7 | H17: =SUM(C17:G17) -> 0 | J17: =SUM(H17:I17) -> 0
A18: 2．对所有者（或股东）的分配 | B18: 33 | G18: =-本期合并底稿!J129 -> -26033100 | H18: =SUM(C18:G18) -> -26033100 | I18: =-本期合并底稿!G140 -> -3344000 | J18: =SUM(H18:I18) -> -29377100
A19: 3．其他 | B19: 34 | H19: =SUM(C19:G19) -> 0 | J19: =SUM(H19:I19) -> 0
A20: （五）所有者权益内部结转 | B20: 36 | C20: =SUM(C21:C24) -> 0 | D20: =SUM(D21:D24) -> 0 | E20: =SUM(E21:E24) -> 0 | F20: =SUM(F21:F24) -> 0 | G20: =SUM(G21:G24) -> 0 | H20: =SUM(C20:G20) -> 0 | I20: =SUM(I21:I24) -> 0 | J20: =SUM(H20:I20) -> 0
A21: 1．资本公积转增资本（或股本） | B21: 37 | H21: =SUM(C21:G21) -> 0 | J21: =SUM(H21:I21) -> 0
A22: 2．盈余公积转增资本（或股本） | B22: 38 | H22: =SUM(C22:G22) -> 0 | J22: =SUM(H22:I22) -> 0
A23: 3．盈余公积弥补亏损 | B23: 39 | H23: =SUM(C23:G23) -> 0 | J23: =SUM(H23:I23) -> 0
A24: 4．其他 | B24: 40 | H24: =SUM(C24:G24) -> 0 | J24: =SUM(H24:I24) -> 0
A25: 四、本年年末余额 | B25: 50 | C25: =C10+C11 -> 80000000 | D25: =D10+D11 -> 24991291 | E25: =E10+E11 -> -282243.18 | F25: =F10+F11 -> 40745328 | G25: =G10+G11 -> 1.0287049e+08 | H25: =SUM(C25:G25) -> 2.4832486e+08 | I25: =I10+I11 -> 14435896 | J25: =SUM(H25:I25) -> 2.6276076e+08
A26: 单位负责人： 财务负责人： 复核： 制表：
C27: =IF(ROUND(C25-合并资产负债表!G30,2)=0," ","误") | D27: =IF(ROUND(D25-合并资产负债表!G31,2)=0," ","误") | E27: =IF(ROUND(E25-合并资产负债表!G32,2)=0," ","误") | F27: =IF(ROUND(F25-合并资产负债表!G33,2)=0," ","误") | G27: =IF(ROUND(G25-合并资产负债表!G36,2)=0," ","误") | I27: =IF(ROUND(I25-合并资产负债表!G38,2)=0," ","误") -> 误 | J27: =IF(ROUND(J25-合并资产负债表!G39,2)=0," ","误") -> 误
D28: =D25-合并资产负债表!G31 -> 0 | E28: =E25-合并资产负债表!G32 -> 0 | F28: =F25-合并资产负债表!G33 -> 0 | G28: =G25-合并资产负债表!G36 -> 0 | I28: =I25-合并资产负债表!G38 -> 0.01 | J28: =J25-合并资产负债表!G39 -> 0.01
I29: 净利润审核 | J29: =J12-合并利润表!C50 -> 0

Sheet 本期合并底稿
A1: 项目 | B1: 科目代码 | C1: 母公司 | D1: 子公司A | F1: 境外子公司B | G1: 总计 | H1: 调整分录 | J1: 合并
H2: 借 | I2: 贷
A3: 资产
A4: 流动资产：
A5: 货币资金 | B5: A001 | C5: 3.1892302e+08 | D5: 3.6816792e+08 | F5: 25852629 | G5: =SUM(C5:F5) -> 7.1294357e+08 | H5: =SUMIF(本期抵消分录!C:C,B5,本期抵消分录!E:E) -> 0 | I5: =SUMIF(本期抵消分录!C:C,B5,本期抵消分录!F:F) -> 0 | J5: =G5+H5-I5 -> 7.1294357e+08
A6: 以公允价值计量且其变动计入当期损益的金融资产 | B6: A002 | C6: 6.806742e+08 | D6: 0 | F6: 0 | G6: =SUM(C6:F6) -> 6.806742e+08 | H6: =SUMIF(本期抵消分录!C:C,B6,本期抵消分录!E:E) -> 0 | I6: =SUMIF(本期抵消分录!C:C,B6,本期抵消分录!F:F) -> 0 | J6: =G6+H6-I6 -> 6.806742e+08
A7: 应收票据 | B7: A003 | C7: 1586604 | D7: 0 | F7: 0 | G7: =SUM(C7:F7) -> 1586604 | H7: =SUMIF(本期抵消分录!C:C,B7,本期抵消分录!E:E) -> 0 | I7: =SUMIF(本期抵消分录!C:C,B7,本期抵消分录!F:F) -> 0 | J7: =G7+H7-I7 -> 1586604
A8: 应收账款 | B8: A004 | C8: 74935354 | D8: 27034339 | F8: 609492.12 | G8: =SUM(C8:F8) -> 1.0257919e+08 | H8: =SUMIF(本期抵消分录!C:C,B8,本期抵消分录!E:E) -> 0 | I8: =SUMIF(本期抵消分录!C:C,B8,本期抵消分录!F:F) -> 0 | J8: =G8+H8-I8 -> 1.0257919e+08
A9: 预付款项 | B9: A005 | C9: 55342134 | D9: 1.444687e+08 | F9: 15134.47 | G9: =SUM(C9:F9) -> 1.9982597e+08 | H9: =SUMIF(本期抵消分录!C:C,B9,本期抵消分录!E:E) -> 0 | I9: =SUMIF(本期抵消分录!C:C,B9,本期抵消分录!F:F) -> 0 | J9: =G9+H9-I9 -> 1.9982597e+08
A10: 应收利息 | B10: A006 | C10: 582694.44 | D10: 0 | F10: 0 | G10: =SUM(C10:F10) -> 582694.44 | H10: =SUMIF(本期抵消分录!C:C,B10,本期抵消分录!E:E) -> 0 | I10: =SUMIF(本期抵消分录!C:C,B10,本期抵消分录!F:F) -> 0 | J10: =G10+H10-I10 -> 582694.44
A11: 应收股利 | B11: A007 | C11: 616500 | D11: 0 | F11: 0 | G11: =SUM(C11:F11) -> 616500 | H11: =SUMIF(本期抵消分录!C:C,B11,本期抵消分录!E:E) -> 0 | I11: =SUMIF(本期抵消分录!C:C,B11,本期抵消分录!F:F) -> 0 | J11: =G11+H11-I11 -> 616500
A12: 其他应收款 | B12: A008 | C12: 45770157 | D12: 17973442 | F12: 0 | G12: =SUM(C12:F12) -> 63743600 | H12: =SUMIF(本期抵消分录!C:C,B12,本期抵消分录!E:E) -> 0 | I12: =SUMIF(本期抵消分录!C:C,B12,本期抵消分录!F:F) -> 5000000 | J12: =G12+H12-I12 -> 58743600
A13: 其中：应收出口退税 | B13: A009 | C13: 2229028 | D13: 23066398 | F13: 0 | G13: =SUM(C13:F13) -> 25295426 | H13: =SUMIF(本期抵消分录!C:C,B13,本期抵消分录!E:E) -> 0 | I13: =SUMIF(本期抵消分录!C:C,B13,本期抵消分录!F:F) -> 0 | J13: =G13+H13-I13 -> 25295426
A14: 存货 | B14: A010 | C14: 72640261 | D14: 40045196 | F14: 0 | G14: =SUM(C14:F14) -> 1.1268546e+08 | H14: =SUMIF(本期抵消分录!C:C,B14,本期抵消分录!E:E) -> 0 | I14: =SUMIF(本期抵消分录!C:C,B14,本期抵消分录!F:F) -> 0 | J14: =G14+H14-I14 -> 1.1268546e+08
A15: 其中：存货减值准备 | C15: 400740 | D15: 0 | F15: 0 | G15: =SUM(C15:F15) -> 400740 | J15: =G15+H15-I15 -> 400740
A16: 持有待售资产 | B16: A055 | C16: 0 | D16: 0 | F16: 0 | G16: =SUM(C16:F16) -> 0 | H16: =SUMIF(本期抵消分录!C:C,B16,本期抵消分录!E:E) -> 0 | I16: =SUMIF(本期抵消分录!C:C,B16,本期抵消分录!F:F) -> 0 | J16: =G16+H16-I16 -> 0
A17: 一年内到期的非流动资产 | B17: A011 | C17: 0 | D17: 0 | F17: 0 | G17: =SUM(C17:F17) -> 0 | H17: =SUMIF(本期抵消分录!C:C,B17,本期抵消分录!E:E) -> 0 | I17: =SUMIF(本期抵消分录!C:C,B17,本期抵消分录!F:F) -> 0 | J17: =G17+H17-I17 -> 0
A18: 其他流动资产 | B18: A012 | C18: 0 | D18: 0 | F18: 0 | G18: =SUM(C18:F18) -> 0 | H18: =SUMIF(本期抵消分录!C:C,B18,本期抵消分录!E:E) -> 0 | I18: =SUMIF(本期抵消分录!C:C,B18,本期抵消分录!F:F) -> 0 | J18: =G18+H18-I18 -> 0
A19: 流动资产合计 | C19: =SUM(C5:C12,C14,C17:C18) -> 1.2510709e+09 | D19: =SUM(D5:D12,D14,D17:D18) -> 5.976896e+08 | F19: =SUM(F5:F12,F14,F17:F18) -> 26477256 | G19: =SUM(G5:G12,G14,G17:G18) -> 1.8752378e+09 | H19: =SUM(H5:H12,H14,H17:H18) -> 0 | I19: =SUM(I5:I12,I14,I17:I18) -> 5000000 | J19: =SUM(J5:J12,J14,J17:J18) -> 1.8702378e+09
A20: 非流动资产：
A21: 可供出售金融资产 | B21: A013 | C21: 15710000 | D21: 10747627 | F21: 0 | G21: =SUM(C21:F21) -> 26457627 | H21: =SUMIF(本期抵消分录!C:C,B21,本期抵消分录!E:E) -> 0 | I21: =SUMIF(本期抵消分录!C:C,B21,本期抵消分录!F:F) -> 0 | J21: =G21+H21-I21 -> 26457627
A22: 持有至到期投资 | B22: A014 | D22: 0 | F22: 0 | G22: =SUM(C22:F22) -> 0 | H22: =SUMIF(本期抵消分录!C:C,B22,本期抵消分录!E:E) -> 0 | I22: =SUMIF(本期抵消分录!C:C,B22,本期抵消分录!F:F) -> 0 | J22: =G22+H22-I22 -> 0
A23: 长期应收款 | B23: A015 | C23: 0 | D23: 0 | F23: 0 | G23: =SUM(C23:F23) -> 0 | H23: =SUMIF(本期抵消分录!C:C,B23,本期抵消分录!E:E) -> 0 | I23: =SUMIF(本期抵消分录!C:C,B23,本期抵消分录!F:F) -> 0 | J23: =G23+H23-I23 -> 0
A24: 长期股权投资 | B24: A016 | C24: 8445211.9 | D24: 0 | F24: 0 | G24: =SUM(C24:F24) -> 8445211.9 | H24: =SUMIF(本期抵消分录!C:C,B24,本期抵消分录!E:E) -> 0 | I24: =SUMIF(本期抵消分录!C:C,B24,本期抵消分录!F:F) -> 8445211.9 | J24: =G24+H24-I24 -> 0
A25: 固定资产原值 | B25: A017 | C25: 38160570 | D25: 2823560.7 | F25: 962700.66 | G25: =SUM(C25:F25) -> 41946831 | H25: =SUMIF(本期抵消分录!C:C,B25,本期抵消分录!E:E) -> 0 | I25: =SUMIF(本期抵消分录!C:C,B25,本期抵消分录!F:F) -> 0 | J25: =G25+H25-I25 -> 41946831
A26: 减：累计折旧 | B26: A018 | C26: 16609895 | D26: 2242004.9 | F26: 176511.36 | G26: =SUM(C26:F26) -> 19028411 | H26: =SUMIF(本期抵消分录!C:C,B26,本期抵消分录!E:E) -> 0 | I26: =SUMIF(本期抵消分录!C:C,B26,本期抵消分录!F:F) -> 0 | J26: =G26-H26+I26 -> 19028411
A27: 固定资产净值 | B27: A019 | C27: =C25-C26 -> 21550675 | D27: =D25-D26 -> 581555.82 | F27: =F25-F26 -> 786189.3 | G27: =G25-G26 -> 22918420 | H27: =H25-H26 -> 0 | I27: =I25-I26 -> 0 | J27: =J25-J26 -> 22918420
A28: 在建工程 | B28: A020 | C28: 0 | D28: 0 | F28: 0 | G28: =SUM(C28:F28) -> 0 | H28: =SUMIF(本期抵消分录!C:C,B28,本期抵消分录!E:E) -> 0 | I28: =SUMIF(本期抵消分录!C:C,B28,本期抵消分录!F:F) -> 0 | J28: =G28+H28-I28 -> 0
A29: 工程物资 | B29: A021 | C29: 0 | D29: 0 | F29: 0 | G29: =SUM(C29:F29) -> 0 | H29: =SUMIF(本期抵消分录!C:C,B29,本期抵消分录!E:E) -> 0 | I29: =SUMIF(本期抵消分录!C:C,B29,本期抵消分录!F:F) -> 0 | J29: =G29+H29-I29 -> 0
A30: 固定资产清理 | B30: A022 | C30: 0 | D30: 0 | F30: 0 | G30: =SUM(C30:F30) -> 0 | H30: =SUMIF(本期抵消分录!C:C,B30,本期抵消分录!E:E) -> 0 | I30: =SUMIF(本期抵消分录!C:C,B30,本期抵消分录!F:F) -> 0 | J30: =G30+H30-I30 -> 0
A31: 无形资产 | B31: A023 | C31: 68687.68 | D31: 0 | F31: 0 | G31: =SUM(C31:F31) -> 68687.68 | H31: =SUMIF(本期抵消分录!C:C,B31,本期抵消分录!E:E) -> 0 | I31: =SUMIF(本期抵消分录!C:C,B31,本期抵消分录!F:F) -> 0 | J31: =G31+H31-I31 -> 68687.68
A32: 长期待摊费用 | B32: A024 | C32: 0 | D32: 486467.37 | F32: 0 | G32: =SUM(C32:F32) -> 486467.37 | H32: =SUMIF(本期抵消分录!C:C,B32,本期抵消分录!E:E) -> 0 | I32: =SUMIF(本期抵消分录!C:C,B32,本期抵消分录!F:F) -> 0 | J32: =G32+H32-I32 -> 486467.37
A33: 递延所得税资产 | B33: A025 | C33: 5221445.3 | D33: 5327921.1 | F33: 0 | G33: =SUM(C33:F33) -> 10549366 | H33: =SUMIF(本期抵消分录!C:C,B33,本期抵消分录!E:E) -> 0 | I33: =SUMIF(本期抵消分录!C:C,B33,本期抵消分录!F:F) -> 0 | J33: =G33+H33-I33 -> 10549366
A34: 其他非流动资产 | B34: A026 | C34: 0 | D34: 0 | F34: 0 | G34: =SUM(C34:F34) -> 0 | H34: =SUMIF(本期抵消分录!C:C,B34,本期抵消分录!E:E) -> 0 | I34: =SUMIF(本期抵消分录!C:C,B34,本期抵消分录!F:F) -> 0 | J34: =G34+H34-I34 -> 0
A35: 非流动资产合计 | C35: =SUM(C21:C24,C27:C34) -> 50996020 | D35: =SUM(D21:D24,D27:D34) -> 17143571 | F35: =SUM(F21:F24,F27:F34) -> 786189.3 | G35: =SUM(G21:G24,G27:G34) -> 68925781 | H35: =SUM(H21:H24,H27:H34) -> 0 | I35: =SUM(I21:I24,I27:I34) -> 8445211.9 | J35: =SUM(J21:J24,J27:J34) -> 60480569
A36: 资产总计 | C36: =C19+C35 -> 1.3020669e+09 | D36: =D19+D35 -> 6.1483317e+08 | F36: =F19+F35 -> 27263445 | G36: =G19+G35 -> 1.9441636e+09 | H36: =H19+H35 -> 0 | I36: =I19+I35 -> 13445212 | J36: =J19+J35 -> 1.9307183e+09
A37: 负债及所有者权益
A38: 流动负债：
A39: 短期借款 | B39: A027 | C39: 0 | D39: 0 | F39: 0 | G39: =SUM(C39:F39) -> 0 | H39: =SUMIF(本期抵消分录!C:C,B39,本期抵消分录!E:E) -> 0 | I39: =SUMIF(本期抵消分录!C:C,B39,本期抵消分录!F:F) -> 0 | J39: =G39-H39+I39 -> 0
A40: 以公允价值计量且其变动计入当期损益的金融负债 | B40: A028 | C40: 0 | D40: 0 | F40: 0 | G40: =SUM(C40:F40) -> 0 | H40: =SUMIF(本期抵消分录!C:C,B40,本期抵消分录!E:E) -> 0 | I40: =SUMIF(本期抵消分录!C:C,B40,本期抵消分录!F:F) -> 0 | J40: =G40-H40+I40 -> 0
A41: 应付票据 | B41: A029 | C41: 0 | D41: 0 | F41: 0 | G41: =SUM(C41:F41) -> 0 | H41: =SUMIF(本期抵消分录!C:C,B41,本期抵消分录!E:E) -> 0 | I41: =SUMIF(本期抵消分录!C:C,B41,本期抵消分录!F:F) -> 0 | J41: =G41-H41+I41 -> 0
A42: 应付账款 | B42: A030 | C42: 2.560659e+08 | D42: 1.3211051e+08 | F42: 19625646 | G42: =SUM(C42:F42) -> 4.0780205e+08 | H42: =SUMIF(本期抵消分录!C:C,B42,本期抵消分录!E:E) -> 0 | I42: =SUMIF(本期抵消分录!C:C,B42,本期抵消分录!F:F) -> 0 | J42: =G42-H42+I42 -> 4.0780205e+08
A43: 预收账款 | B43: A031 | C43: 4.6273056e+08 | D43: 4.4179292e+08 | F43: 0 | G43: =SUM(C43:F43) -> 9.0452348e+08 | H43: =SUMIF(本期抵消分录!C:C,B43,本期抵消分录!E:E) -> 0 | I43: =SUMIF(本期抵消分录!C:C,B43,本期抵消分录!F:F) -> 0 | J43: =G43-H43+I43 -> 9.0452348e+08
A44: 应付职工薪酬 | B44: A032 | C44: =SUM(C45:C47) -> 8909337.9 | D44: =SUM(D45:D47) -> 193368.64 | F44: =SUM(F45:F47) -> 0 | G44: =SUM(C44:F44) -> 9102706.6 | H44: =SUMIF(本期抵消分录!C:C,B44,本期抵消分录!E:E) -> 0 | I44: =SUMIF(本期抵消分录!C:C,B44,本期抵消分录!F:F) -> 0 | J44: =G44-H44+I44 -> 9102706.6
A45: 其中：应付工资 | C45: 6810020.2 | D45: 193368.64 | F45: 0 | G45: =SUM(C45:F45) -> 7003388.8 | J45: =G45-H45+I45 -> 7003388.8
A46: 应付福利费 | C46: 1757825.5 | D46: 0 | F46: 0 | G46: =SUM(C46:F46) -> 1757825.5 | J46: =G46-H46+I46 -> 1757825.5
A47: 其他 | C47: 341492.2 | D47: 0 | F47: 0 | G47: =SUM(C47:F47) -> 341492.2 | J47: =G47-H47+I47 -> 341492.2
A48: 应交税费 | B48: A033 | C48: -481274.42 | D48: 653086.37 | F48: -67303.23 | G48: =SUM(C48:F48) -> 104508.72 | H48: =SUMIF(本期抵消分录!C:C,B48,本期抵消分录!E:E) -> 0 | I48: =SUMIF(本期抵消分录!C:C,B48,本期抵消分录!F:F) -> 0 | J48: =G48-H48+I48 -> 104508.72
A49: 应付利息 | B49: A034 | C49: 0 | D49: 0 | F49: 0 | G49: =SUM(C49:F49) -> 0 | H49: =SUMIF(本期抵消分录!C:C,B49,本期抵消分录!E:E) -> 0 | I49: =SUMIF(本期抵消分录!C:C,B49,本期抵消分录!F:F) -> 0 | J49: =G49-H49+I49 -> 0
A50: 应付股利 | B50: A035 | C50: 0 | D50: 0 | F50: 0 | G50: =SUM(C50:F50) -> 0 | H50: =SUMIF(本期抵消分录!C:C,B50,本期抵消分录!E:E) -> 0 | I50: =SUMIF(本期抵消分录!C:C,B50,本期抵消分录!F:F) -> 0 | J50: =G50-H50+I50 -> 0
A51: 其他应付款 | B51: A036 | C51: 3.4655076e+08 | D51: 460355.79 | F51: 250071.79 | G51: =SUM(C51:F51) -> 3.4726119e+08 | H51: =SUMIF(本期抵消分录!C:C,B51,本期抵消分录!E:E) -> 5000000 | I51: =SUMIF(本期抵消分录!C:C,B51,本期抵消分录!F:F) -> 0 | J51: =G51-H51+I51 -> 3.4226119e+08
A52: 持有待售负债 | B52: A056 | C52: 0 | D52: 0 | F52: 0 | G52: =SUM(C52:F52) -> 0 | H52: =SUMIF(本期抵消分录!C:C,B52,本期抵消分录!E:E) -> 0 | I52: =SUMIF(本期抵消分录!C:C,B52,本期抵消分录!F:F) -> 0 | J52: =G52-H52+I52 -> 0
A53: 一年内到期的非流动资产 | B53: A037 | C53: 0 | D53: 0 | F53: 0 | G53: =SUM(C53:F53) -> 0 | H53: =SUMIF(本期抵消分录!C:C,B53,本期抵消分录!E:E) -> 0 | I53: =SUMIF(本期抵消分录!C:C,B53,本期抵消分录!F:F) -> 0 | J53: =G53-H53+I53 -> 0
A54: 其他流动负债 | B54: A038 | C54: 0 | D54: 0 | F54: 0 | G54: =SUM(C54:F54) -> 0 | H54: =SUMIF(本期抵消分录!C:C,B54,本期抵消分录!E:E) -> 0 | I54: =SUMIF(本期抵消分录!C:C,B54,本期抵消分录!F:F) -> 0 | J54: =G54-H54+I54 -> 0
A55: 流动负债合计 | C55: =SUM(C39:C44,C48:C54) -> 1.0737753e+09 | D55: =SUM(D39:D44,D48:D54) -> 5.7521024e+08 | F55: =SUM(F39:F44,F48:F54) -> 19808415 | G55: =SUM(G39:G44,G48:G54) -> 1.6687939e+09 | H55: =SUM(H39:H44,H48:H54) -> 5000000 | I55: =SUM(I39:I44,I48:I54) -> 0 | J55: =SUM(J39:J44,J48:J54) -> 1.6637939e+09
A56: 非流动负债： | B56: A039 | J56: =G56-H56+I56 -> 0
A57: 长期借款 | B57: A040 | C57: 0 | D57: 0 | F57: 0 | G57: =SUM(C57:F57) -> 0 | H57: =SUMIF(本期抵消分录!C:C,B57,本期抵消分录!E:E) -> 0 | I57: =SUMIF(本期抵消分录!C:C,B57,本期抵消分录!F:F) -> 0 | J57: =G57-H57+I57 -> 0
A58: 应付债券 | B58: A041 | C58: 0 | D58: 0 | F58: 0 | G58: =SUM(C58:F58) -> 0 | H58: =SUMIF(本期抵消分录!C:C,B58,本期抵消分录!E:E) -> 0 | I58: =SUMIF(本期抵消分录!C:C,B58,本期抵消分录!F:F) -> 0 | J58: =G58-H58+I58 -> 0
A59: 长期应付款 | B59: A042 | C59: 2009316.7 | D59: 1633724.2 | F59: 0 | G59: =SUM(C59:F59) -> 3643040.9 | H59: =SUMIF(本期抵消分录!C:C,B59,本期抵消分录!E:E) -> 0 | I59: =SUMIF(本期抵消分录!C:C,B59,本期抵消分录!F:F) -> 0 | J59: =G59-H59+I59 -> 3643040.9
A60: 专项应付款 | B60: A043 | C60: 0 | D60: 0 | F60: 0 | G60: =SUM(C60:F60) -> 0 | H60: =SUMIF(本期抵消分录!C:C,B60,本期抵消分录!E:E) -> 0 | I60: =SUMIF(本期抵消分录!C:C,B60,本期抵消分录!F:F) -> 0 | J60: =G60-H60+I60 -> 0
A61: 递延所得税负债 | B61: A044 | C61: 520607.34 | D61: 0 | F61: 0 | G61: =SUM(C61:F61) -> 520607.34 | H61: =SUMIF(本期抵消分录!C:C,B61,本期抵消分录!E:E) -> 0 | I61: =SUMIF(本期抵消分录!C:C,B61,本期抵消分录!F:F) -> 0 | J61: =G61-H61+I61 -> 520607.34
A62: 其他非流动负债 | B62: A045 | C62: 0 | D62: 0 | F62: 0 | G62: =SUM(C62:F62) -> 0 | H62: =SUMIF(本期抵消分录!C:C,B62,本期抵消分录!E:E) -> 0 | I62: =SUMIF(本期抵消分录!C:C,B62,本期抵消分录!F:F) -> 0 | J62: =G62-H62+I62 -> 0
A63: 长期负债合计 | C63: =SUM(C57:C62) -> 2529924.1 | D63: =SUM(D57:D62) -> 1633724.2 | F63: =SUM(F57:F62) -> 0 | G63: =SUM(G57:G62) -> 4163648.2 | H63: =SUM(H57:H62) -> 0 | I63: =SUM(I57:I62) -> 0 | J63: =SUM(J57:J62) -> 4163648.2
A64: 负债合计 | C64: =SUM(C55,C63) -> 1.0763052e+09 | D64: =SUM(D55,D63) -> 5.7684397e+08 | F64: =SUM(F55,F63) -> 19808415 | G64: =SUM(G55,G63) -> 1.6729576e+09 | H64: =SUM(H55,H63) -> 5000000 | I64: =SUM(I55,I63) -> 0 | J64: =SUM(J55,J63) -> 1.6679576e+09
A65: 所有者权益： | J65: =G65-H65+I65 -> 0
A66: 实收资本 | B66: A046 | C66: 80000000 | D66: 12500000 | F66: 695211.94 | G66: =SUM(C66:F66) -> 93195212 | H66: =SUMIF(本期抵消分录!C:C,B66,本期抵消分录!E:E) -> 13195212 | I66: =SUMIF(本期抵消分录!C:C,B66,本期抵消分录!F:F) -> 0 | J66: =G66-H66+I66 -> 80000000
A67: 资本公积 | B67: A047 | C67: 24991291 | D67: 0 | F67: 0 | G67: =SUM(C67:F67) -> 24991291 | H67: =SUMIF(本期抵消分录!C:C,B67,本期抵消分录!E:E) -> 0 | I67: =SUMIF(本期抵消分录!C:C,B67,本期抵消分录!F:F) -> 0 | J67: =G67-H67+I67 -> 24991291
A68: 其他综合收益 | B68: A048 | C68: 0 | D68: 0 | F68: -282243.18 | G68: =SUM(C68:F68) -> -282243.18 | H68: =SUMIF(本期抵消分录!C:C,B68,本期抵消分录!E:E) -> 0 | I68: =SUMIF(本期抵消分录!C:C,B68,本期抵消分录!F:F) -> 0 | J68: =G68-H68+I68 -> -282243.18
A69: 盈余公积 | B69: A049 | C69: =SUM(C70:C71) -> 40745328 | D69: =SUM(D70:D71) -> 13152045 | F69: =SUM(F70:F71) -> 0 | G69: =SUM(C69:F69) -> 53897373 | H69: =SUMIF(本期抵消分录!C:C,B69,本期抵消分录!E:E) -> 13152045 | I69: =SUMIF(本期抵消分录!C:C,B69,本期抵消分录!F:F) -> 0 | J69: =G69-H69+I69 -> 40745328
A70: 其中：法定盈余公积 | B70: A050 | C70: 33724331 | D70: 6366129.2 | F70: 0 | G70: =SUM(C70:F70) -> 40090460 | H70: =SUMIF(本期抵消分录!C:C,B70,本期抵消分录!E:E) -> 6366129.2 | I70: =SUMIF(本期抵消分录!C:C,B70,本期抵消分录!F:F) -> 0 | J70: =G70-H70+I70 -> 33724331
A71: 任意盈余公积 | B71: A051 | C71: 7020997.3 | D71: 6785915.5 | F71: 0 | G71: =SUM(C71:F71) -> 13806913 | H71: =SUMIF(本期抵消分录!C:C,B71,本期抵消分录!E:E) -> 6785915.5 | I71: =SUMIF(本期抵消分录!C:C,B71,本期抵消分录!F:F) -> 0 | J71: =G71-H71+I71 -> 7020997.3
A72: 未分配利润 | B72: A052 | C72: 80025120 | D72: 12337156 | F72: 7042061.7 | G72: =SUM(C72:F72) -> 99404339 | H72: =H131 -> 5993678.7 | I72: =I131 -> 9459827 | J72: =G72-H72+I72 -> 1.0287049e+08
A73: 归属于母公司股东权益合计 | C73: =SUM(C66:C69,C72) -> 2.2576174e+08 | D73: =SUM(D66:D69,D72) -> 37989201 | E73: =SUM(E66:E69,E72) -> 0 | F73: =SUM(F66:F69,F72) -> 7455030.5 | G73: =SUM(G66:G69,G72) -> 2.7120597e+08 | H73: =SUM(H66:H69,H72) -> 32340935 | I73: =SUM(I66:I69,I72) -> 9459827 | J73: =SUM(J66:J69,J72) -> 2.4832486e+08
A74: 少数股东权益 | B74: A053 | F74: 0 | G74: =SUM(C74:F74) -> 0 | H74: =SUMIF(本期抵消分录!C:C,B74,本期抵消分录!E:E) -> 0 | I74: =SUMIF(本期抵消分录!C:C,B74,本期抵消分录!F:F) -> 14435896 | J74: =G74-H74+I74 -> 14435896
A75: 所有者权益合计 | C75: =C73 -> 2.2576174e+08 | D75: =D73 -> 37989201 | E75: =E73+E74 -> 0 | F75: =F73+F74 -> 7455030.5 | G75: =G73+G74 -> 2.7120597e+08 | H75: =H73 -> 32340935 | I75: =I73 -> 9459827 | J75: =J73+J74 -> 2.6276076e+08
A76: 负债及所有者权益总计 | C76: =C64+C75 -> 1.3020669e+09 | D76: =D64+D75 -> 6.1483317e+08 | F76: =F64+F75 -> 27263445 | G76: =G64+G75 -> 1.9441636e+09 | H76: =H64+H75 -> 37340935 | I76: =I64+I75 -> 9459827 | J76: =J64+J75 -> 1.9307183e+09
C77: =IF(ABS(INT((C36-C76)*100+0.5))<>0,"资产负债不等 "," ") | D77: =IF(ABS(INT((D36-D76)*100+0.5))<>0,"资产负债不等 "," ") | F77: =IF(ABS(INT((F36-F76)*100+0.5))<>0,"资产负债不等 "," ") | G77: =IF(ABS(INT((G36-G76)*100+0.5))<>0,"资产负债不等 "," ") | J77: =IF(ABS(INT((J36-J76)*100+0.5))<>0,"资产负债不等 "," ") | K77: =J36-J76 -> 0
A79: 项目
A80: 一、营业总收入 | B80: B001 | C80: 3.7632813e+08 | D80: 2.9287647e+08 | F80: 908383.88 | G80: =SUM(C80:F80) -> 6.7011298e+08 | H80: =SUM(H81:H82) -> 135000 | I80: =SUM(I81:I82) -> 0 | J80: =G80-H80+I80 -> 6.6997798e+08
A81: 其中：主营业务收入 | B81: B002 | C81: 3.6998066e+08 | D81: 2.9287647e+08 | F81: 685423.52 | G81: =SUM(C81:F81) -> 6.6354255e+08 | H81: =SUMIF(本期抵消分录!C:C,B81,本期抵消分录!E:E) -> 0 | I81: =SUMIF(本期抵消分录!C:C,B81,本期抵消分录!F:F) -> 0 | J81: =G81-H81+I81 -> 6.6354255e+08
A82: 其他业务收入 | B82: B003 | C82: 6347471.4 | D82: 0 | F82: 222960.36 | G82: =SUM(C82:F82) -> 6570431.7 | H82: =SUMIF(本期抵消分录!C:C,B82,本期抵消分录!E:E) -> 135000 | I82: =SUMIF(本期抵消分录!C:C,B82,本期抵消分录!F:F) -> 0 | J82: =G82-H82+I82 -> 6435431.7
A83: 二、营业总成本 | C83: =SUM(C84,C87:C90,C94) -> 3.7696342e+08 | D83: =SUM(D84,D87:D90,D94) -> 2.793373e+08 | F83: =SUM(F84,F87:F90,F94) -> 526313.01 | G83: =SUM(G84,G87:G90,G94) -> 6.5682704e+08 | H83: =SUM(H84,H87:H90,H94) -> 0 | I83: =SUM(I84,I87:I90,I94) -> 135000 | J83: =SUM(J84,J87:J90,J94) -> 6.5669204e+08
A84: 其中：营业成本 | B84: B004 | C84: 3.4484842e+08 | D84: 2.5842188e+08 | F84: 0 | G84: =SUM(C84:F84) -> 6.032703e+08 | H84: =H85+H86 -> 0 | I84: =I85+I86 -> 0 | J84: =G84+H84-I84 -> 6.032703e+08
A85: 其中：主营业务成本 | B85: B005 | C85: 3.4484842e+08 | D85: 2.5842188e+08 | F85: 0 | G85: =SUM(C85:F85) -> 6.032703e+08 | H85: =SUMIF(本期抵消分录!C:C,B85,本期抵消分录!E:E) -> 0 | I85: =SUMIF(本期抵消分录!C:C,B85,本期抵消分录!F:F) -> 0 | J85: =G85+H85-I85 -> 6.032703e+08
A86: 其他业务成本 | B86: B006 | C86: 0 | D86: 0 | F86: 0 | G86: =SUM(C86:F86) -> 0 | H86: =SUMIF(本期抵消分录!C:C,B86,本期抵消分录!E:E) -> 0 | I86: =SUMIF(本期抵消分录!C:C,B86,本期抵消分录!F:F) -> 0 | J86: =G86+H86-I86 -> 0
A87: 营业税金及附加 | B87: B007 | C87: 2442016.2 | D87: 1164799.2 | F87: 0 | G87: =SUM(C87:F87) -> 3606815.4 | H87: =SUMIF(本期抵消分录!C:C,B87,本期抵消分录!E:E) -> 0 | I87: =SUMIF(本期抵消分录!C:C,B87,本期抵消分录!F:F) -> 0 | J87: =G87+H87-I87 -> 3606815.4
A88: 销售费用 | B88: B008 | C88: 12363006 | D88: 11661302 | F88: 7294.68 | G88: =SUM(C88:F88) -> 24031603 | H88: =SUMIF(本期抵消分录!C:C,B88,本期抵消分录!E:E) -> 0 | I88: =SUMIF(本期抵消分录!C:C,B88,本期抵消分录!F:F) -> 0 | J88: =G88+H88-I88 -> 24031603
A89: 管理费用 | B89: B009 | C89: 19554299 | D89: 14832260 | F89: 487780.49 | G89: =SUM(C89:F89) -> 34874340 | H89: =SUMIF(本期抵消分录!C:C,B89,本期抵消分录!E:E) -> 0 | I89: =SUMIF(本期抵消分录!C:C,B89,本期抵消分录!F:F) -> 100000 | J89: =G89+H89-I89 -> 34774340
A90: 财务费用 | B90: B010 | C90: -3814804.5 | D90: -7316306.6 | F90: 31237.84 | G90: =SUM(C90:F90) -> -11099873 | H90: =SUMIF(本期抵消分录!C:C,B90,本期抵消分录!E:E) -> 0 | I90: =SUMIF(本期抵消分录!C:C,B90,本期抵消分录!F:F) -> 35000 | J90: =G90+H90-I90 -> -11134873
A91: 其中：利息支出 | B91: B011 | C91: 0 | D91: 0 | F91: 0 | G91: =SUM(C91:F91) -> 0 | H91: =SUMIF(本期抵消分录!C:C,B91,本期抵消分录!E:E) -> 0 | I91: =I90 -> 35000 | J91: =G91+H91-I91 -> -35000
A92: 利息收入 | B92: B012 | C92: 1415002 | D92: 7359899.9 | F92: 2213.01 | G92: =SUM(C92:F92) -> 8777114.9 | H92: =H90 -> 0 | I92: =SUMIF(本期抵消分录!C:C,B92,本期抵消分录!F:F) -> 0 | J92: =G92-H92+I92 -> 8777114.9
A93: 汇兑净损失 | B93: B013 | C93: -3215091.7 | D93: -1175100.6 | F93: 33277.59 | G93: =SUM(C93:F93) -> -4356914.7 | H93: =SUMIF(本期抵消分录!C:C,B93,本期抵消分录!E:E) -> 0 | I93: =SUMIF(本期抵消分录!C:C,B93,本期抵消分录!F:F) -> 0 | J93: =G93+H93-I93 -> -4356914.7
A94: 资产减值损失 | B94: B014 | C94: 1570484.8 | D94: 573364.06 | F94: 0 | G94: =SUM(C94:F94) -> 2143848.8 | H94: =SUMIF(本期抵消分录!C:C,B94,本期抵消分录!E:E) -> 0 | I94: =SUMIF(本期抵消分录!C:C,B94,本期抵消分录!F:F) -> 0 | J94: =G94+H94-I94 -> 2143848.8
A95: 加：公允价值变动净收益（净损失以“-”号填列） | B95: B015 | C95: 1038891.7 | D95: 0 | F95: 0 | G95: =SUM(C95:F95) -> 1038891.7 | H95: =SUMIF(本期抵消分录!C:C,B95,本期抵消分录!E:E) -> 0 | I95: =SUMIF(本期抵消分录!C:C,B95,本期抵消分录!F:F) -> 0 | J95: =G95-H95+I95 -> 1038891.7
A96: 投资收益 | B96: B016 | C96: 60555257 | D96: 0 | F96: 0 | G96: =SUM(C96:F96) -> 60555257 | H96: =SUMIF(本期抵消分录!C:C,B96,本期抵消分录!E:E) -> 5456000 | I96: =SUMIF(本期抵消分录!C:C,B96,本期抵消分录!F:F) -> 0 | J96: =G96-H96+I96 -> 55099257
A97: 其中：对联营企业和合营企业的投资收益 | B97: B017 | C97: 0 | D97: 0 | F97: 0 | G97: =SUM(C97:F97) -> 0 | H97: =SUMIF(本期抵消分录!C:C,B97,本期抵消分录!E:E) -> 0 | I97: =SUMIF(本期抵消分录!C:C,B97,本期抵消分录!F:F) -> 0 | J97: =G97-H97+I97 -> 0
A98: 三、营业利润 | C98: =C80-C83+C95+C96 -> 60958860 | D98: =D80-D83+D95+D96 -> 13539163 | F98: =F80-F83+F95+F96 -> 382070.87 | G98: =G80-G83+G95+G96 -> 74880094 | H98: =H80+H83+H95+H96 -> 5591000 | I98: =I80+I83+I95+I96 -> 135000 | J98: =J80-J83+J95+J96 -> 69424094
A99: 加：营业外收入 | B99: B018 | C99: 957812.42 | D99: 33230.95 | F99: 0 | G99: =SUM(C99:F99) -> 991043.37 | H99: =SUMIF(本期抵消分录!C:C,B99,本期抵消分录!E:E) -> 0 | I99: =SUMIF(本期抵消分录!C:C,B99,本期抵消分录!F:F) -> 0 | J99: =G99-H99+I99 -> 991043.37
A100: 其中：非流动资产处置收益 | B100: B019 | C100: 0 | D100: 18753.72 | F100: 0 | G100: =SUM(C100:F100) -> 18753.72 | H100: =SUMIF(本期抵消分录!C:C,B100,本期抵消分录!E:E) -> 0 | I100: =SUMIF(本期抵消分录!C:C,B100,本期抵消分录!F:F) -> 0 | J100: =G100-H100+I100 -> 18753.72
A101: 非货币性资产交换利得（非货币性交易收益） | B101: B020 | C101: 0 | D101: 0 | F101: 0 | G101: =SUM(C101:F101) -> 0 | H101: =SUMIF(本期抵消分录!C:C,B101,本期抵消分录!E:E) -> 0 | I101: =SUMIF(本期抵消分录!C:C,B101,本期抵消分录!F:F) -> 0 | J101: =G101-H101+I101 -> 0
...

Sheet 本期抵消分录
A1: 序号 | B1: 摘要 | C1: 科目代码 | D1: 科目名称 | E1: 借 | F1: 贷
A3: 母-A | B3: 长期股权投资与权益抵销 | C3: A046 | D3: =IF(C3=0,"",VLOOKUP(C3,科目表!A:B,2,FALSE)) -> 实收资本 | E3: 12500000
C4: A047 | D4: =IF(C4=0,"",VLOOKUP(C4,科目表!A:B,2,FALSE)) -> 资本公积
C5: A049 | D5: =IF(C5=0,"",VLOOKUP(C5,科目表!A:B,2,FALSE)) -> 盈余公积 | E5: 13152045
C6: a050 | D6: =IF(C6=0,"",VLOOKUP(C6,科目表!A:B,2,FALSE)) -> 其中：法定盈余公积 | E6: 6366129.2
C7: a051 | D7: =IF(C7=0,"",VLOOKUP(C7,科目表!A:B,2,FALSE)) -> 任意盈余公积 | E7: 6785915.5
C8: A052 | D8: =IF(C8=0,"",VLOOKUP(C8,科目表!A:B,2,FALSE)) -> 未分配利润 | E8: 12337156
C9: A016 | D9: =IF(C9=0,"",VLOOKUP(C9,科目表!A:B,2,FALSE)) -> 长期股权投资 | F9: 7750000
C10: A053 | D10: =IF(C10=0,"",VLOOKUP(C10,科目表!A:B,2,FALSE)) -> 少数股东权益 | F10: 14435896
D11: =IF(C11=0,"",VLOOKUP(C11,科目表!A:B,2,FALSE))
B12: 投资收益与利润分配抵销 | C12: B016 | D12: =IF(C12=0,"",VLOOKUP(C12,科目表!A:B,2,FALSE)) -> 投资收益 | E12: 5456000
C13: B028 | D13: =IF(C13=0,"",VLOOKUP(C13,科目表!A:B,2,FALSE)) -> 少数股东损益 | E13: 3612402.5
C14: B029 | D14: =IF(C14=0,"",VLOOKUP(C14,科目表!A:B,2,FALSE)) -> 年初未分配利润 | E14: -3209723.8
C15: B030 | D15: =IF(C15=0,"",VLOOKUP(C15,科目表!A:B,2,FALSE)) -> 其他转入
C16: B031 | D16: =IF(C16=0,"",VLOOKUP(C16,科目表!A:B,2,FALSE)) -> 提取法定盈余公积金 | F16: 524826.98
C17: B038 | D17: =IF(C17=0,"",VLOOKUP(C17,科目表!A:B,2,FALSE)) -> 应分配普通股股利 | F17: 8800000
C18: B039 | D18: =IF(C18=0,"",VLOOKUP(C18,科目表!A:B,2,FALSE)) -> 应转增股本普通股股利
C19: A052 | D19: =IF(C19=0,"",VLOOKUP(C19,科目表!A:B,2,FALSE)) -> 未分配利润 | F19: 12337156
D20: =IF(C20=0,"",VLOOKUP(C20,科目表!A:B,2,FALSE))
D21: =IF(C21=0,"",VLOOKUP(C21,科目表!A:B,2,FALSE)) | E21: =SUM(E3:E5,E8:E10,E12:E19) -> 43847880 | F21: =SUM(F3:F10,F12:F19) -> 43847880 | G21: =IF(ABS(INT((E21-F21)*100+0.5))<>0,"分录不平"," ")
D22: =IF(C22=0,"",VLOOKUP(C22,科目表!A:B,2,FALSE)) | G22: =E21-F21 -> 0
A23: 母-B | B23: 长期股权投资与权益抵销 | C23: A046 | D23: =IF(C23=0,"",VLOOKUP(C23,科目表!A:B,2,FALSE)) -> 实收资本 | E23: 695211.94
C24: A047 | D24: =IF(C24=0,"",VLOOKUP(C24,科目表!A:B,2,FALSE)) -> 资本公积
C25: A049 | D25: =IF(C25=0,"",VLOOKUP(C25,科目表!A:B,2,FALSE)) -> 盈余公积
C26: a050 | D26: =IF(C26=0,"",VLOOKUP(C26,科目表!A:B,2,FALSE)) -> 其中：法定盈余公积
C27: a051 | D27: =IF(C27=0,"",VLOOKUP(C27,科目表!A:B,2,FALSE)) -> 任意盈余公积
C28: A052 | D28: =IF(C28=0,"",VLOOKUP(C28,科目表!A:B,2,FALSE)) -> 未分配利润 | E28: 7042061.7
C29: A016 | D29: =IF(C29=0,"",VLOOKUP(C29,科目表!A:B,2,FALSE)) -> 长期股权投资 | F29: 695211.94
C30: A053 | D30: =IF(C30=0,"",VLOOKUP(C30,科目表!A:B,2,FALSE)) -> 少数股东权益
D31: =IF(C31=0,"",VLOOKUP(C31,科目表!A:B,2,FALSE))
B32: 投资收益与利润分配抵销 | C32: B016 | D32: =IF(C32=0,"",VLOOKUP(C32,科目表!A:B,2,FALSE)) -> 投资收益
C33: B028 | D33: =IF(C33=0,"",VLOOKUP(C33,科目表!A:B,2,FALSE)) -> 少数股东损益
C34: B029 | D34: =IF(C34=0,"",VLOOKUP(C34,科目表!A:B,2,FALSE)) -> 年初未分配利润 | E34: =F41-SUM(E23:E25,E28:E33,E35:E39) -> 0
C35: B030 | D35: =IF(C35=0,"",VLOOKUP(C35,科目表!A:B,2,FALSE)) -> 其他转入
C36: B031 | D36: =IF(C36=0,"",VLOOKUP(C36,科目表!A:B,2,FALSE)) -> 提取法定盈余公积金
C37: B038 | D37: =IF(C37=0,"",VLOOKUP(C37,科目表!A:B,2,FALSE)) -> 应分配普通股股利
C38: B039 | D38: =IF(C38=0,"",VLOOKUP(C38,科目表!A:B,2,FALSE)) -> 应转增股本普通股股利
C39: A052 | D39: =IF(C39=0,"",VLOOKUP(C39,科目表!A:B,2,FALSE)) -> 未分配利润 | F39: 7042061.7
D40: =IF(C40=0,"",VLOOKUP(C40,科目表!A:B,2,FALSE))
D41: =IF(C41=0,"",VLOOKUP(C41,科目表!A:B,2,FALSE)) | E41: =SUM(E23:E25,E28:E30,E32:E39) -> 7737273.7 | F41: =SUM(F23:F30,F32:F39) -> 7737273.7 | G41: =IF(ABS(INT((E41-F41)*100+0.5))<>0,"分录不平"," ")
D42: =IF(C42=0,"",VLOOKUP(C42,科目表!A:B,2,FALSE)) | G42: =E41-F41 -> 0
B43: 未收分红 | C43: a007 | D43: =IF(C43=0,"",VLOOKUP(C43,科目表!A:B,2,FALSE)) -> 应收股利
C44: a035 | D44: =IF(C44=0,"",VLOOKUP(C44,科目表!A:B,2,FALSE)) -> 应付股利
C45: a036 | D45: =IF(C45=0,"",VLOOKUP(C45,科目表!A:B,2,FALSE)) -> 其他应付款
B47: 集团公司收到分红 | C47: c012 | D47: =IF(C47=0,"",VLOOKUP(C47,科目表!A:B,2,FALSE)) -> 取得投资收益收到的现金 | F47: 5456000
C48: c026 | D48: =IF(C48=0,"",VLOOKUP(C48,科目表!A:B,2,FALSE)) -> 分配股利、利润或偿付利息支付的现金 | E48: 5456000
C49: c050 | D49: =IF(C49=0,"",VLOOKUP(C49,科目表!A:B,2,FALSE)) -> 投资损失（收益以“－”号填列） | F49: 5456000
D50: =IF(C50=0,"",VLOOKUP(C50,科目表!A:B,2,FALSE))
A51: 母-A⑴ | B51: 母公司借款给A公司收取利息抵消 | C51: B003 | D51: =IF(C51=0,"",VLOOKUP(C51,科目表!A:B,2,FALSE)) -> 其他业务收入 | E51: 10000
C52: b010 | D52: =IF(C52=0,"",VLOOKUP(C52,科目表!A:B,2,FALSE)) -> 财务费用 | F52: 10000
C53: c026 | D53: =IF(C53=0,"",VLOOKUP(C53,科目表!A:B,2,FALSE)) -> 分配股利、利润或偿付利息支付的现金 | E53: 10000
C54: c003 | D54: =IF(C54=0,"",VLOOKUP(C54,科目表!A:B,2,FALSE)) -> 收到的其他与经营活动有关的现金 | F54: 10000
C55: c049 | D55: =IF(C55=0,"",VLOOKUP(C55,科目表!A:B,2,FALSE)) -> 财务费用（收益以“－”号填列） | E55: 10000
B57: A公司收到母公司的借款 | C57: c007 | D57: 支付的其他与经营活动有关的现金 | E57: 1000000
C58: c023 | D58: 取得借款收到的现金 | F58: 1000000
B59: A公司归还母公司的借款 | C59: c025 | D59: 偿还债务支付的现金 | E59: 1000000
C60: c003 | D60: 收到的其他与经营活动有关的现金 | F60: 1000000
A62: 母-A⑵ | B62: 母公司借款给A公司收取利息抵消 | C62: B003 | D62: =IF(C62=0,"",VLOOKUP(C62,科目表!A:B,2,FALSE)) -> 其他业务收入 | E62: 25000
C63: b010 | D63: =IF(C63=0,"",VLOOKUP(C63,科目表!A:B,2,FALSE)) -> 财务费用 | F63: 25000
C64: c026 | D64: =IF(C64=0,"",VLOOKUP(C64,科目表!A:B,2,FALSE)) -> 分配股利、利润或偿付利息支付的现金 | E64: 25000
C65: c003 | D65: =IF(C65=0,"",VLOOKUP(C65,科目表!A:B,2,FALSE)) -> 收到的其他与经营活动有关的现金 | F65: 25000
C66: c049 | D66: =IF(C66=0,"",VLOOKUP(C66,科目表!A:B,2,FALSE)) -> 财务费用（收益以“－”号填列） | E66: 25000
B68: A公司收到母公司的借款 | C68: c007 | D68: 支付的其他与经营活动有关的现金 | E68: 5000000
C69: c023 | D69: 取得借款收到的现金 | F69: 5000000
C70: c054 | D70: 经营性应收项目的减少（增加以“－”号填列） | F70: 5000000
B71: A公司尚未归还的母公司借款 | C71: a036 | D71: 其他应付款 | E71: 5000000
C72: a008 | D72: 其他应收款 | F72: 5000000
A74: 母-A⑶ | B74: 房租抵消 | C74: B003 | D74: =IF(C74=0,"",VLOOKUP(C74,科目表!A:B,2,FALSE)) -> 其他业务收入 | E74: 100000
C75: B009 | D75: =IF(C75=0,"",VLOOKUP(C75,科目表!A:B,2,FALSE)) -> 管理费用 | F75: 100000
C76: c007 | D76: =IF(C76=0,"",VLOOKUP(C76,科目表!A:B,2,FALSE)) -> 支付的其他与经营活动有关的现金 | E76: 100000
C77: c003 | D77: =IF(C77=0,"",VLOOKUP(C77,科目表!A:B,2,FALSE)) -> 收到的其他与经营活动有关的现金 | F77: 100000

Sheet 科目表
A1: 科目代码 | B1: 项目
B2: 资产负债表
B3: 流动资产：
A4: A001 | B4: 货币资金
A5: A002 | B5: 以公允价值计量且其变动计入当期损益的金融资产
A6: A003 | B6: 应收票据
A7: A004 | B7: 应收账款
A8: A005 | B8: 预付款项
A9: A006 | B9: 应收利息
A10: A007 | B10: 应收股利
A11: A008 | B11: 其他应收款
A12: A009 | B12: 其中：应收出口退税
A13: A010 | B13: 存货
A14: A055 | B14: 持有待售资产
A15: A011 | B15: 一年内到期的非流动资产
... A58: A053 | B58: 少数股东权益
A59: A054
B60: 利润表
A61: B001 | B61: 营业总收入
A62: B002 | B62: 主营业务收入
A63: B003 | B63: 其他业务收入
A64: B004 | B64: 营业成本
A65: B005 | B65: 主营业务成本
A66: B006 | B66: 其他业务成本
A67: B007 | B67: 营业税金及附加
A68: B008 | B68: 销售费用
A69: B009 | B69: 管理费用
A70: B010 | B70: 财务费用
A71: B011 | B71: 利息支出
A72: B012 | B72: 利息收入
... A111: B039 | B111: 应转增股本普通股股利
B112: 现金流量表科目
A113: C001 | B113: 销售商品、提供劳务收到的现金
A114: C002 | B114: 收到的税费返还
A115: C003 | B115: 收到的其他与经营活动有关的现金
A116: C004 | B116: 购买商品、接受劳务支付的现金
A117: C005 | B117: 支付给职工以及为职工支付的现金
A118: C006 | B118: 支付的各项税费
A119: C007 | B119: 支付的其他与经营活动有关的现金
A120: C011 | B120: 收回投资所收到的现金
A121: C012 | B121: 取得投资收益收到的现金
A122: C013 | B122: 处置固定资产、无形资产和其他长期资产收回的现金净额
A123: C014 | B123: 处置子公司及其他营业单位收到的现金净额
A124: C015 | B124: 收到的其他与投资活动有关的现金
... A163: C065 | B163: 现金及现金等价物净增加额
